 Dungeon Crawl Stone Soup version 0.25.0-41-g26779e291d (webtiles) character file.

Game seed: 7933876286727923004

64 MisterFreud the Ruffian (level 4, 0/36 HPs)
             Began as a Ghoul Gladiator on July 10, 2020.
             Killed from afar by Natasha (6 damage)
             ... with a magic dart
             ... on level 2 of the Dungeon.
             The game lasted 00:01:37 (1431 turns).

MisterFreud the Ruffian (Ghoul Gladiator)           Turns: 1431, Time: 00:01:38

Health: 0/36       AC:  4    Str: 17    XL:     4   Next: 12%
Magic:  3/3        EV: 12    Int:  4    God:
Gold:   80         SH:  0    Dex: 10    Spells: 3/3 levels left

rFire    . . .     SeeInvis .     - Unarmed
rCold    + . .     Gourm    .   (no shield)
rNeg     + + +     Faith    .   a - +0 leather armour
rPois    ∞         Spirit   .   b - +0 helmet
rElec    .         Reflect  .   (no cloak)
rCorr    .         Harm     .   (no gloves)
MR       .....                  (no boots)
Stlth    +.........             (no amulet)
HPRegen  0.00/turn              (no ring)
MPRegen  0.08/turn              (no ring)

@: rotting, slowed, very slow
A: rotting body, claws 1, carnivore, cold resistance 1, negative energy
resistance 3, inhibited regeneration, torment resistance, unbreathing
a: no special abilities


You were on level 2 of the Dungeon.
You were not hungry.

You visited 1 branch of the dungeon, and saw 2 of its levels.

You collected 80 gold pieces.

Inventory:

Missiles
 c - 3 throwing nets (quivered)
Armour
 a - a +0 leather armour (worn)
 b - a +0 helmet (worn)
Scrolls
 i - a scroll of remove curse {unknown}
 j - 2 scrolls of identify {unknown}
Potions
 e - a potion of stabbing {unknown}
 g - a potion of lignification {unknown}
 h - a potion of magic {unknown}
 k - a potion of curing {unknown}
Comestibles
 d - 5 rations
 f - 3 chunks of flesh


   Skills:
 - Level 2.1 Fighting
 - Level 1.7 Throwing
 - Level 2.6 Dodging
 + Level 5.3 Unarmed Combat


You had 3 spell levels left.
You didn't know any spells.
Your spell library was empty.

Dungeon Overview and Level Annotations

Branches:
Dungeon (2/15)

Altars:

Annotations:
D:2 Natasha


Innate Abilities, Weirdness & Mutations

Your body is rotting away.
You thrive on raw meat.
You are immune to poison.
You have sharp fingernails.
You are carnivorous and can eat meat at any time.
Your flesh is cold resistant. (rC+)
You are immune to negative energy. (rN+++)
You do not regenerate when monsters are visible.
You are immune to unholy pain and torment.
You can survive without breathing.


Message History

You feel yourself slow down.
Natasha growls.
Natasha claws you.
Found a stone staircase leading up.
You scratch Natasha.
Natasha is lightly wounded.
Natasha claws you! Natasha misses you.
You closely miss Natasha.
Natasha is lightly wounded.
Natasha closely misses you.
You barely miss Natasha.
Natasha is lightly wounded.
Natasha barely misses you.
You scratch Natasha but do no damage.
Natasha is lightly wounded.
Natasha claws you!
* * * LOW HITPOINT WARNING * * *
Natasha casts a spell at you. The magic dart hits you.
You die...

#.# #.# #.#
#.####### .
#.#.....### <..
#.#<......# ....#
##.#.......(
......##...(......#
......h@..%........
......##..........#
....# ##.#.......#
... #.#........ .
#.######### #+#


You could see Natasha.

Vanquished Creatures
  An adder (D:2)
  3 dart slugs (D:1)
  3 leopard geckos (D:1)
  A bat (D:1)
  3 giant cockroaches
  7 goblins (D:1)
  4 hobgoblins (D:1)
  6 jackals (D:1)
  7 kobolds
  4 frilled lizards (D:1)
  2 rats (D:1)
41 creatures vanquished.

Notes
Turn   | Place    | Note
-------+----------+-------------------------------------------
     0 | D:1      | MisterFreud the Ghoul Gladiator began the quest for the
                  | Orb.
     0 | D:1      | Reached XP level 1. HP: 17/17 MP: 0/0
   138 | D:1      | Reached XP level 2. HP: 12/24 MP: 1/1
   143 | D:1      | Reached skill level 4 in Unarmed Combat
   578 | D:1      | Reached XP level 3. HP: 12/29 MP: 2/2
   921 | D:1      | Reached skill level 5 in Unarmed Combat
  1418 | D:2      | Reached XP level 4. HP: 32/36 MP: 3/3
  1422 | D:2      | Noticed Natasha
  1431 | D:2      | Killed from afar by Natasha

Illustrated notes

Levels and vault maps discovered:
D:1:      doesnt_arrival_eight_statues, layout_basic, serial_aquarium,
          aquarium_bridge_square [aquarium_subvault_bridge,
          aquarium_subvault_wall, aquarium_subvault_wall,
          aquarium_subvault_window], aquarium_window_fake, aquarium_window_fake,
          aquarium_view_2d, aquarium_view_4, serial_bayou_lagoon_a,
          minmay_pentomino_w4
D:2:      layout_loops_corners, first_ration, uniq_natasha, uniq_terence,
          uniq_jessica

Skill      XL: |  1  2  3 |
---------------+----------+-----
Unarmed Combat | 4 5 |  5.3
Fighting       | |  2.1
Throwing       | |  1.7
Dodging        | |  2.6

Action                   |  1- 3 |  4- 6 || total
-------------------------+-------+-------++-------
Melee: Unarmed           |   112 |     5 ||   117
       Punch             |     3 |       ||     3
  Eat: Chunk             |     4 |       ||     4
Armor: Leather armour    |    27 |       ||    27
Dodge: Dodged            |    50 |     4 ||    54
